 Dungeon Crawl Stone Soup version 0.16-a0-3465-g53c7d0b (console) character file.

133 MrRokkomies the Slasher (level 4, -2/33 HPs)
             Began as a High Elf Skald on Jan 2, 2015.
             Slain by soonmide's ghost (12 damage)
             ... on level 3 of the Dungeon.
             The game lasted 00:18:03 (2209 turns).

MrRokkomies the Slasher (High Elf Skald)            Turns: 2209, Time: 00:18:03

Health: -2/33      AC:  6    Str: 12    XL:     4   Next: 93%
Magic:  7/11       EV: 10    Int: 19    God:
Gold:   82         SH:  0    Dex: 15    Spells: 3 memorised, 1 level left

rFire  . . .     SeeInvis +     a - +1 falchion
rCold  . . .     Clarity  .     k - +0 ring mail
rNeg   . . .     SustAb   .     (no shield)
rPois  .         Gourm    .     (no helmet)
rElec  .         Spirit   .     (no cloak)
rCorr  .         Warding  .     j - +0 pair of gloves
rMut   .         Stasis   .     (no boots)
MR     .....                    (no amulet)
Stlth  +.........               s - +4 ring of intelligence
                                g - ring of see invisible

@: infused (expiring), not resistant to hostile enchantments, very unstealthy
A: no striking features
a: no special abilities


You were on level 3 of the Dungeon.
You were not hungry.

You visited 1 branch of the dungeon, and saw 3 of its levels.

You collected 82 gold pieces.

Inventory:

Hand weapons
 a - a +1 falchion (weapon)
Missiles
 n - 5 javelins (quivered)
 o - 21 arrows
Armour
 j - a +0 pair of gloves (worn)
 k - a +0 ring mail (worn)
 r - a +0 cloak
Jewellery
 g - a ring of see invisible (left hand)
 s - a +4 ring of intelligence (right hand)
Scrolls
 e - 2 scrolls of enchant weapon
Potions
 b - a potion of restore abilities
 f - a potion of curing
 l - a potion of resistance
 q - a potion of might {unknown}
Books
 c - a book of Battle

   Spells                             Type                      Level
   a - Infusion                       Charms                       1
   b - Shroud of Golubria             Charms/Translocation         2
   c - Song of Slaying                Charms                       2
   d - Spectral Weapon                Hexes/Charms                 3
   e - Regeneration                   Charms/Necromancy            3
Comestibles
 d - 3 bread rations
 h - a chunk of flesh
 p - a meat ration


   Skills:
 * Level 3.8 Fighting
 * Level 4.7 Long Blades
 - Level 0.8 Armour
 - Level 1.1 Dodging
 - Level 2.4 Spellcasting
 - Level 3.6 Charms


You had one spell level left.
You knew the following spells:

 Your Spells              Type           Power        Failure   Level  Hunger
a - Infusion              Chrm           ###...       8%          1    #......
b - Shroud of Golubria    Chrm/Tloc      #.........   21%         2    ##.....
c - Spectral Weapon       Hex/Chrm       #.......     38%         3    ###....


Dungeon Overview and Level Annotations

Branches:
Dungeon (3/15)

Altars:
Zin

Annotations:
D:3 1 exclusion, soonmide's ghost, experienced DsGl


Message History

Your shroud bends soonmide's ghost's attack away!
You barely miss soonmide's ghost.
Soonmide's ghost is heavily damaged.
Soonmide's ghost closely misses you.
You hit soonmide's ghost but do no damage.
Soonmide's ghost is heavily damaged.
Soonmide's ghost misses you.
You hit soonmide's ghost.
Soonmide's ghost is severely damaged.
Your shroud begins to fray at the edges.
Soonmide's ghost hits you!
* * * LOW HITPOINT WARNING * * *
Your shroud falls apart!
Drink which item? (? for menu, Esc to quit)
You feel better. Soonmide's ghost hits you.
You completely miss soonmide's ghost.
Soonmide's ghost is severely damaged.
Your magical infusion is running out.
Soonmide's ghost hits you!
You die...

# .. #. #. #.
. #.
..####.##
#........####
#...........#
#######..##.#
#.@##.#
#W.##W#
#..##รท#
#..##.#
###...#.##
#........##
#.#.......#
####....#
##.#.#
.#####.#.##
..........#


You could see soonmide's ghost.

Vanquished Creatures
  A hound (D:3)
  Crazy Yiuf (D:3)
  4 adders
  5 worms
  3 giant geckos
  An orc (D:3)
  5 bats
  4 giant cockroaches (D:1)
  4 goblins
  4 hobgoblins
  A quokka (D:3)
  2 ball pythons (D:2)
  3 giant newts
  4 kobolds
  11 rats
53 creatures vanquished.

Notes
Turn   | Place    | Note
--------------------------------------------------------------
     0 | D:1      | MrRokkomies, the High Elf Skald, began the quest for the Orb.
     0 | D:1      | Reached XP level 1. HP: 14/14 MP: 4/4
   253 | D:1      | Reached XP level 2. HP: 17/20 MP: 6/6
   739 | D:1      | Learned a level 2 spell: Shroud of Golubria
  1001 | D:2      | Reached XP level 3. HP: 17/26 MP: 4/8
  1651 | D:2      | Reached XP level 4. HP: 17/31 MP: 11/11
  1673 | D:2      | Learned a level 3 spell: Spectral Weapon
  1710 | D:2      | Reached skill level 4 in Long Blades
  1796 | D:2      | Found a glowing silver altar of Zin.
  1973 | D:3      | Noticed Crazy Yiuf
  1974 | D:3      | Noticed soonmide's ghost (experienced DsGl)
  1991 | D:3      | Killed Crazy Yiuf
  2209 | D:3      | Slain by soonmide's ghost

Action                   |  1- 3 |  4- 6 || total
-------------------------+-------+-------++-------
Melee: Falchion          |   146 |    87 ||   233
Throw: Javelin           |     9 |     8 ||    17
 Cast: Shroud of Golubri |     8 |     8 ||    16
       Infusion          |     1 |     3 ||     4
  Use: Scroll            |     4 |     1 ||     5
       Potion            |     1 |     6 ||     7
  Eat: Chunk             |     3 |     3 ||     6
